 Dungeon Crawl Stone Soup version 0.28-a0-1429-gf3d713df7a (webtiles) character file.

Game seed: 8328677539748195611

1647 blackman the Cleaver (level 9, -2/63 HPs)
             Began as a Human Fighter on Jan 8, 2022.
             Splashed by a jelly's acid (9 damage)
             ... on level 6 of the Dungeon.
             The game lasted 00:27:44 (11807 turns).

blackman the Cleaver (Human Fighter)               Turns: 11807, Time: 00:27:45

Health: -2/63      AC: -1    Str: 21    XL:     9   Next: 19%
Magic:  9/9        EV: 13    Int:  8    God:
Gold:   179        SH:  0    Dex: 13    Spells: 8/8 levels left

rFire   . . .      SeeInvis +   a - +0 war axe
rCold   . . .      Faith    .   (no shield)
rNeg    . . .      Spirit   .   b - +0 scale mail
rPois   .          Reflect  .   d - +0 helmet
rElec   .          Harm     .   y - +0 cloak
rCorr   .          Rampage  .   k - +0 pair of gloves
Will    .....                   (no boots)
Stlth   ..........              (no amulet)
HPRegen 0.20/turn               j - ring of see invisible
MPRegen 0.11/turn               w - +4 ring of evasion

@: corroded
A: no striking features
a: no special abilities


You were on level 6 of the Dungeon.
You visited 1 branch of the dungeon, and saw 6 of its levels.

You collected 179 gold pieces.

Inventory:

Hand Weapons
 a - a +0 war axe (weapon)
Missiles
 f - 40 poisoned darts (quivered)
Armour
 b - a +0 scale mail (worn)
 d - a +0 helmet (worn)
 k - a +0 pair of gloves (worn)
 y - a +0 cloak (worn)
Jewellery
 e - an amulet of magic regeneration
 j - a ring of see invisible (left hand)
 w - a +4 ring of evasion (right hand)
 x - a ring of resist corrosion
Wands
 l - a wand of flame (13)
Scrolls
 c - a scroll of enchant weapon {unknown}
 n - 3 scrolls of noise {unknown}
 o - a scroll of brand weapon {unknown}
 q - a scroll of magic mapping {unknown}
 t - a scroll of immolation {unknown}
 u - 3 scrolls of enchant armour {unknown}
 v - a scroll of fog {unknown}
Potions
 g - 2 potions of resistance {unknown}
 h - a potion of brilliance {unknown}
 i - a potion of cancellation {unknown}
 m - 2 potions of flight
 p - a potion of magic {unknown}
 r - a potion of curing
 s - 2 potions of degeneration {unknown}
 z - a potion of lignification {unknown}
 A - a potion of attraction {unknown}


   Skills:
 - Level 3.0 Fighting
 + Level 11.2 Axes
 - Level 3.0 Armour
 - Level 3.0 Shields


You had 8 spell levels left.
You didn't know any spells.
Your spell library contained the following spells:

 Spells                   Type           Power      Damage    Failure   Level
 Scorch                   Fire           0%         2d5       87%         2
 Flame Wave               Conj/Fire      0%         2d4       100%        4
 Summon Cactus Giant      Summ           0%         N/A       100%        6


Dungeon Overview and Level Annotations

Branches:
Dungeon (6/15)
 Temple: D:4-7

Altars:
Nemelex Xobeh

Shops:
D:1 !((*[   D:6 :


Message History

The jelly is heavily wounded.
The jelly hits you but does no damage.
You hit the jelly.
Your hands burn!
The jelly is severely wounded.
The jelly hits you but does no damage.
You slash the jelly!
Your hands burn!
The jelly is almost dead.
The jelly jiggles.
The jelly closely misses you.
You slash the jelly!
You kill the jelly!
You start resting.
A jelly comes into view.
A jelly is nearby!
A jelly is nearby!
A jelly is nearby!
The jelly quivers.
The jelly hits you. The acid corrodes you!
You are splashed with acid!
You slash the jelly! The acid corrodes you!
Your hands burn!
The jelly is lightly wounded.
The jelly barely misses you.
You hit the jelly.
Your hands burn!
The jelly is moderately wounded.
The jelly hits you.
You are splashed with acid.
You slash the jelly!
Your hands burn!
The jelly is heavily wounded.
The jelly hits you but does no damage.
You hit the jelly.
Your hands burn!
The jelly is severely wounded.
The jelly barely misses you.
You slash the jelly! The acid corrodes you!
Your hands burn!
The jelly is almost dead.
The jelly hits you. The acid corrodes you!
You are splashed with acid!
* * * LOW HITPOINT WARNING * * *
You completely miss the jelly.
The jelly is almost dead.
The jelly hits you.
* * * LOW HITPOINT WARNING * * *
You are splashed with acid!
You die...

#>.......(..#....####.
#..#........'....#..#
###'#######'##....'..#
#..).............)#..#
#.............<...#..#########.
#.................#..........#.
#...)))...........#...........#
#...).............#.....##.(..#
##'###########@...##'#######'##
#....#..#...#J.[.#.....# ...#
#....#..'...#....#.....# ....#
#..###.###..#....'.....#.....#
#..###.######....#..........##
#...'......>.....####.###...#
#...#.......#...........#####
#..##.###...#...........+
#########...#...........#


You could see a jelly.

Vanquished Creatures
  Edmund (D:5)
  A water moccasin (D:5)
  A black bear (D:5)
  2 ice beasts
  4 ogres
  A centaur (D:5)
  A bullfrog (D:6)
  A wyvern zombie (D:6)
  A water moccasin zombie (D:5)
  2 jellies (D:6)
  2 water moccasin skeletons
  A hound (D:6)
  An iguana (D:5)
  3 orc wizards
  A scorpion zombie (D:5)
  A hound zombie (D:5)
  6 adders
  A gnoll (D:1)
  A white imp (D:5)
  An ufetubus (D:6)
  3 dart slugs
  16 orcs
  A bat (D:1)
  6 endoplasms
  5 giant cockroaches
  9 hobgoblins
  12 jackals
  3 quokkas
  6 ball pythons
  11 frilled lizards
  6 goblins
  6 kobolds
  3 rats
120 creatures vanquished.

Vanquished Creatures (others)
  7 plants (D:1)
7 creatures vanquished.

Grand Total: 127 creatures vanquished

Notes
Turn   | Place    | Note
-------+----------+-------------------------------------------
     0 | D:1      | blackman the Human Fighter began the quest for the Orb.
     0 | D:1      | Reached XP level 1. HP: 18/18 MP: 1/1
    41 | D:1      | Found Fyith's Antique Weapon Boutique.
    66 | D:1      | Reached XP level 2. HP: 8/24 MP: 2/2
   670 | D:1      | Reached skill level 3 in Axes
   675 | D:1      | Found Hixtow's Assorted Antiques.
   699 | D:1      | Reached XP level 3. HP: 22/29 MP: 3/3
   904 | D:1      | Found Pato's Weapon Boutique.
  1121 | D:1      | Found a faded altar of an unknown god.
  1167 | D:1      | Found Noghi's Distillery.
  1311 | D:1      | Found Reel's Armour Shop.
  1630 | D:2      | Reached skill level 4 in Axes
  1630 | D:2      | Reached XP level 4. HP: 35/35 MP: 4/4
  3286 | D:2      | Reached XP level 5. HP: 40/41 MP: 5/5
  3465 | D:3      | Reached skill level 5 in Axes
  3650 | D:3      | Found a sparkling altar of Nemelex Xobeh.
  3866 | D:4      | Reached XP level 6. HP: 17/47 MP: 6/6
  4021 | D:4      | Noticed an orc warrior
  5133 | D:4      | Noticed an ogre
  5134 | D:4      | Noticed a necrophage
  6245 | D:3      | Killed an ogre
  6246 | D:3      | Reached skill level 6 in Axes
  7101 | D:4      | Noticed a black bear
  7716 | D:5      | Entered Level 5 of the Dungeon
  7952 | D:5      | Reached skill level 7 in Axes
  7952 | D:5      | Reached XP level 7. HP: 38/52 MP: 7/7
  8304 | D:5      | Noticed a water moccasin
  8309 | D:5      | Reached skill level 8 in Axes
  8542 | D:5      | Reached XP level 8. HP: 48/58 MP: 8/8
  8808 | D:5      | Noticed Edmund
  8829 | D:5      | Killed Edmund
  8830 | D:5      | Reached skill level 9 in Axes
 10428 | D:6      | Found Gucache's Book Shoppe.
 10438 | D:6      | Reached skill level 10 in Axes
 10736 | D:6      | Reached XP level 9. HP: 41/63 MP: 9/9
 11178 | D:6      | Reached skill level 11 in Axes
 11807 | D:6      | Splashed by a jelly's acid

Illustrated notes

Levels and vault maps discovered:
D:1:      dpeg_arrival_round_c, layout_rooms, serial_shops,
          nicolae_shop_hallway_stairs,
          nicolae_shop_temple_entry_statues_fountains,
          nicolae_shop_hallway_plus, nicolae_diamond_shop,
          nicolae_shop_hallway_plus, chequers_ecumenical_altar_grove,
          minmay_lizard_king
D:2:      layout_loops_corners, minmay_quantized
D:3:      layout_basic, lemuel_tele_altar, dk_noncrumbling_4
D:4:      layout_basic, serial_shops, shop, gup_sewer_entry_bubbles
D:5:      cheibrodos_quashed, layout_gridville, uniq_edmund
D:6:      layout_gridville, minmay_temple_entry_statues_pillars, serial_shops,
          nicolae_shop_behind_doors, nicolae_shop_statue_plus,
          nicolae_shop_hallway_stairs, nicolae_shop_hallway_plus

Skill      XL: |  1  2  3  4  5  6  7  8  9 |
---------------+----------------------------+-----
Axes           | 3 4 5 7 8 10 11 | 11.2
Fighting       | |  3.0
Armour         | |  3.0
Shields        | |  3.0

Action                   |  1- 3 |  4- 6 |  7- 9 || total
-------------------------+-------+-------+-------++-------
Melee: War axe           |    97 |   147 |   147 ||   391
       Punch             |     2 |       |       ||     2
Throw: Dart              |       |     8 |    20 ||    28
Evoke: Wand              |       |     2 |    11 ||    13
  Use: Potion            |       |     1 |       ||     1
       Scroll            |       |     5 |       ||     5
Armor: Scale mail        |    53 |    66 |    69 ||   188
Dodge: Dodged            |    49 |    93 |   115 ||   257

Table legend: (Time is in decaauts)
 A = Elapsed time spent in this place.
 B = Non-inter-level travel time spent in this place.
 C = Inter-level travel time spent in this place.
 D = Time resting spent in this place.
 E = Time spent auto-exploring this place.
 F = Levels seen in this place.
 G = Mean time per level.
                   A        B        C        D        E       F      G
               +--------+--------+--------+--------+--------+-----+--------+
         Total |  11888 |  11490 |    398 |   7397 |   2790 |   6 | 1981.3 |
       Dungeon |  11888 |  11490 |    398 |   7397 |   2790 |   6 | 1981.3 |
               +--------+--------+--------+--------+--------+-----+--------+

Top non-repeatable levels by time:
     D:3: 3638 daAuts
     D:5: 3171 daAuts
     D:1: 2335 daAuts
     D:2: 1574 daAuts
     D:6: 925 daAuts
     D:4: 243 daAuts
